 Dungeon Crawl Stone Soup version 0.29.1-1-gd02db6906a (webtiles) character file.

Game seed: 7132340260837404872

115 LustLizard the Trooper (level 4, -6/36 HPs)
             Began as a Demonspawn Fighter on Oct 4, 2022.
             Mangled by an ogre
             ... wielding a +0 giant club
              (26 damage)
             ... on level 3 of the Dungeon.
             The game lasted 00:03:48 (3080 turns).

LustLizard the Trooper (Demonspawn Fighter)         Turns: 3080, Time: 00:03:49

Health: -6/36      AC:  6    Str: 16    XL:     4   Next: 68%
Magic:  4/4        EV:  8    Int: 10    God:
Gold:   206        SH:  5    Dex: 14    Spells: 3/3 levels left

rFire   . . .      SeeInvis .   a - +0 long sword
rCold   . . .      Faith    .   c - +0 buckler
rNeg    . . .      Spirit   .   b - +0 scale mail
rPois   .          Reflect  .   (no helmet)
rElec   .          Harm     .   (no cloak)
rCorr   .          Rampage  .   (no gloves)
Will    .....                   (no boots)
Stlth   ..........              (no amulet)
HPRegen 0.12/turn               (no ring)
MPRegen 0.09/turn               (no ring)

@: no status effects
A: spiny 2
a: no special abilities


You were on level 3 of the Dungeon.
You visited 1 branch of the dungeon, and saw 4 of its levels.

You collected 206 gold pieces.

Inventory:

Hand Weapons
 a - a +0 long sword (weapon)
Missiles
 l - 12 poisoned darts (quivered)
 n - 6 boomerangs
Armour
 b - a +0 scale mail (worn)
 c - a +0 buckler (worn)
Scrolls
 e - 2 scrolls of fog {unknown}
 g - a scroll of brand weapon {unknown}
 h - 2 scrolls of silence {unknown}
 i - a scroll of immolation {unknown}
 j - a scroll of vulnerability {unknown}
 m - a scroll of magic mapping {unknown}
 r - 2 scrolls of teleportation {unknown}
Potions
 d - 2 potions of might
 k - 2 potions of haste
 o - a potion of flight
 p - 3 potions of curing
 q - a potion of attraction
 s - a potion of lignification


   Skills:
 + Level 3.6 Fighting
 * Level 3.1 Long Blades
 + Level 3.2 Armour
 + Level 3.2 Shields


You had 3 spell levels left.
You didn't know any spells.
Your spell library contained the following spells:

 Spells                   Type           Power      Damage    Failure   Level
 Freeze                   Ice            0%         1d3       87%         1
 Magic Dart               Conj           0%         1d3       87%         1
 Call Imp                 Summ           0%         N/A       95%         2
 Frozen Ramparts          Ice            0%         1d1       99%         3
 Gell's Gravitas          Tloc           0%         N/A       99%         3
 Ignite Poison            Fire/Tmut/Pois 0%         N/A       99%         3
 Lesser Beckoning         Tloc           0%         N/A       99%         3
 Mephitic Cloud           Conj/Pois/Air  0%         N/A       99%         3
 Summon Guardian Golem    Hex/Summ       0%         N/A       99%         3
 Teleport Other           Tloc           0%         N/A       99%         3
 Hailstorm                Conj/Ice       0%         3d3       100%        4
 Freezing Cloud           Conj/Ice/Air   0%         6-21      100%        5
 Orb of Destruction       Conj           0%         9d5       100%        7
 Spellforged Servitor     Conj/Summ      0%         N/A       100%        7


Dungeon Overview and Level Annotations

Branches:
Dungeon (4/15)
 Temple: D:4-7

Altars:
Trog


Innate Abilities, Weirdness & Mutations

You are mostly covered in sharp spines.


Message History

You enter the shallow water.
Moving in this stuff is going to be slow.
You enter the shallow water.
Moving in this stuff is going to be slow.
You enter the shallow water.
Moving in this stuff is going to be slow.
Done exploring.
Search for what [Enter for "armor", or ? for help]? oka Can't find anything matching that.
Done exploring.
You enter the shallow water.
Moving in this stuff is going to be slow.
There is a stone staircase leading down here.
Okay, then.
Okay, then.
As you read the scroll of identify, it crumbles to dust.
q - a potion of attraction
As you read the scroll of identify, it crumbles to dust.
s - a potion of lignification You climb downwards.
The ogre shouts!
There is a stone staircase leading up here.
The ogre closely misses you.
You climb upwards.
There is a stone staircase leading down here.
You completely miss the ogre. You slash the ogre!
The ogre is moderately wounded.
The ogre hits you with a +0 giant club!
You hit the ogre.
The ogre is moderately wounded.
You block the ogre's attack.
You hit the ogre.
The ogre is heavily wounded.
You block the ogre's attack.
You closely miss the ogre.
The ogre is heavily wounded.
The ogre hits you with a +0 giant club!!
Ouch! That really hurt!
You die...

#.###.###.#.##########.#.###.##
#.# #.# #.#..#########.#.###.##
#.# #.# #..............#~~...~.
#.# #.# ####.########....≈≈≈≈≈~
#.# #.# #.# #.##.≈♣♣♣≈~ ###.#
#.# #.# #.##~≈♣ ♣≈. #...# #.#
#.# #....≈♣♣♣≈~ #.#.# #.#
#.########....≈≈≈≈≈~ #.#.# #.#
#..@O........~...~.~ #)### #(#
#.########....≈≈≈≈≈. ...# #.#
#.# #...~≈♣♣♣≈. .§.# #.# #.#
#####...~≈♣ ♣≈. ...# #.##
#.####....)..~≈♣♣♣≈~ ._.# #..#
#.........)..~≈≈≈≈≈. ...# ##.#
#.####.####...~~...~ ##### #.#
#.# #.# #...≈≈≈≈≈. ....# #.#
#.####.#####..≈♣♣♣≈~


You could see an ogre.

Vanquished Creatures
  5 adders
  3 dart slugs
  2 orcs (D:3)
  2 ball pythons
  8 endoplasms
  4 giant cockroaches (D:1)
  3 goblins
  12 hobgoblins
  3 jackals (D:1)
  4 kobolds
  2 quokkas
  2 bats
  2 frilled lizards (D:1)
  3 rats
55 creatures vanquished.

Notes
Turn   | Place    | Note
-------+----------+-------------------------------------------
     0 | D:1      | LustLizard the Demonspawn Fighter began the quest for the
                  | Orb.
     0 | D:1      | Reached XP level 1. HP: 18/18 MP: 1/1
   294 | D:1      | Gained mutation: You are partially covered in sharp spines.
                  | [demonic ancestry]
   294 | D:1      | Reached XP level 2. HP: 15/24 MP: 2/2
   949 | D:1      | Reached XP level 3. HP: 23/29 MP: 3/3
  1798 | D:2      | Gained mutation: You are mostly covered in sharp spines.
                  | [demonic ancestry]
  1798 | D:2      | Reached XP level 4. HP: 31/35 MP: 4/4
  2879 | D:3      | Found a bloodstained altar of Trog.
  3073 | D:4      | Noticed an ogre
  3080 | D:3      | Mangled by an ogre

Illustrated notes

Levels and vault maps discovered:
D:1:      dpeg_arrival_brainrot, layout_basic
D:2:      minmay_wonky_spiral, layout_loops_cross, kennysheep_doodads,
          st_stairs_5, minivault_27
D:3:      layout_loops_ring, trog_book, kennysheep_boxes
D:4:      layout_basic, mainiacjoe_overflow_divided_tiny, kennysheep_mini_moat,
          serial_shops, shop, kennysheep_mini, minivault_26,
          minmay_misc_feat_tiny, uniq_pikel, uniq_sigmund, uniq_robin

Skill      XL: |  1  2  3  4 |
---------------+-------------+-----
Long Blades    | 2 3 |  3.1
Shields        | 3 |  3.2
Armour         | 3 |  3.2
Fighting       | |  3.6

Action                   |  1- 3 |  4- 6 || total
-------------------------+-------+-------++-------
Melee: Long sword        |    92 |    29 ||   121
Throw: Dart              |     7 |       ||     7
  Use: Scroll            |     1 |     4 ||     5
Armor: Scale mail        |    33 |     8 ||    41
Dodge: Dodged            |    39 |     5 ||    44
Block: Buckler           |    20 |     8 ||    28
